 Dungeon Crawl Stone Soup version 0.28.0-1-gb440e238dd (webtiles) character file.

Game seed: 2472594380973617306

20 Snicker the Sneak (level 2, 0/24 HPs)
             Began as a Demonspawn Delver on Feb 20, 2022.
             Killed by nerve-wracking pain
             ... invoked by Grinder
              (11 damage)
             ... on level 3 of the Dungeon.
             The game lasted 00:01:43 (1079 turns).

Snicker the Sneak (Demonspawn Delver)               Turns: 1079, Time: 00:01:44

Health: 0/24       AC:  3    Str: 12    XL:     2   Next: 58%
Magic:  2/2        EV: 11    Int: 11    God:
Gold:   6          SH:  0    Dex: 14    Spells: 1/1 levels left

rFire   . . .      SeeInvis .   m - +1 dagger (pain)
rCold   . . .      Faith    .   (no shield)
rNeg    . . .      Spirit   .   b - +0 leather armour
rPois   .          Reflect  .   (no helmet)
rElec   .          Harm     .   (no cloak)
rCorr   .          Rampage  .   (no gloves)
Will    .....                   (no boots)
Stlth   +++.......              p - amulet of regeneration
HPRegen 0.88/turn               (no ring)
MPRegen 0.08/turn               (no ring)

@: no status effects
A: powered by death 1
a: no special abilities


You were on level 3 of the Dungeon.
You visited 1 branch of the dungeon, and saw 5 of its levels.

You collected 6 gold pieces.

Inventory:

Hand Weapons
 a - a +0 short sword
 m - a +1 dagger of pain (weapon)
Armour
 b - a +0 leather armour (worn)
Magical Staves
 h - a staff of death
Jewellery
 p - an amulet of regeneration (around neck)
Wands
 g - a wand of digging (3)
Scrolls
 c - a scroll of fog
 d - a scroll of magic mapping
 e - a scroll of fear
 j - a scroll of blinking {unknown}
 k - a scroll of immolation {unknown}
 n - 2 scrolls of identify {unknown}
 o - a scroll of teleportation {unknown}
Potions
 f - a potion of haste
 i - 2 potions of curing {unknown}
 l - a potion of cancellation {unknown}


   Skills:
 + Level 3.0 Fighting
 * Level 1.8 Short Blades
 + Level 1.7 Dodging
 * Level 5.1 Stealth
 * Level 0.1 Necromancy


You had one spell level left.
You didn't know any spells.
Your spell library contained the following spells:

 Spells                   Type           Power      Damage    Failure   Level
 Animate Dead             Necr           0%         N/A       99%         4
 Borgnjor's Vile Clutch   Necr/Erth      0%         N/A       100%        5
 Death Channel            Necr           0%         N/A       100%        6


Dungeon Overview and Level Annotations

Branches:
Dungeon (6/15)
 Temple: D:4-7

Altars:

Annotations:
D:3 Grinder


Innate Abilities, Weirdness & Mutations

You regenerate a little health from kills.


Message History

You suddenly lose the ability to move!
Grinder gestures at you. Pain shoots through your body!
You can move again.
Unknown command.
Aiming: Corrosive Bolt
Press: ? - help, Shift-Dir - straight line, f - Grinder
Aim: Grinder (68% to hit)
The bolt of acid hits Grinder!
The acid corrodes Grinder!
Grinder is lightly wounded.
Grinder drinks a potion.
Grinder seems to grow stronger.
Unknown command.
Aiming: Corrosive Bolt
Press: ? - help, Shift-Dir - straight line, f/p - Grinder
Aim: Grinder (lightly wounded, strong, covered in acid, 68% to hit)
The bolt of acid hits Grinder!
Grinder seems to be corroded for longer.
Grinder is heavily wounded.
Grinder gestures at you.
You shrug off the repeated paralysis!
Aiming: Corrosive Bolt
Press: ? - help, Shift-Dir - straight line, f/p - Grinder
Aim: Grinder (heavily wounded, strong, covered in acid, 68% to hit)
The bolt of acid hits Grinder!
Grinder seems to be corroded for longer.
Grinder is severely wounded.
The now-empty wand crumbles to dust.
Grinder grins, showing sharp teeth.
Grinder barely misses you.
You hit Grinder.
Grinder is almost dead.
Grinder barely misses you.
You hit Grinder but do no damage.
Grinder is almost dead.
Grinder hits you!
You writhe in agony.
You closely miss Grinder.
Grinder is almost dead.
Grinder gestures at you. Pain shoots through your body!
You die...

########### #.........#
#.#######.###### #.....# ####'##
#......# #.....# #.....#
#......#### #.....#
#.....######.......... #.....#
#.........<#.#####....
###.....###############.# #.... .
+.....+.......@5......# #....
###.....################...##....
..[............. ....>....
########.##.#### ...##.... ..#
#.##.# ...##.... ..# #.##.#
..5##.... ..# #.##.# ...##....
.## #.##.######.. #.... ..
#............ #....


You could see Grinder (strong, corroded).

Vanquished Creatures
  An adder (D:3)
  A dart slug (D:3)
  An orc (D:3)
  A goblin (D:4)
  3 hobgoblins
  A kobold (D:4)
8 creatures vanquished.

Notes
Turn   | Place    | Note
-------+----------+-------------------------------------------
     0 | D:5      | Snicker the Demonspawn Delver began the quest for the Orb.
     0 | D:5      | Reached XP level 1. HP: 18/18 MP: 1/1
    18 | D:5      | Noticed an orc wizard
    28 | D:6      | Noticed an ogre
   768 | D:3      | Reached skill level 5 in Stealth
   768 | D:3      | Gained mutation: You regenerate a little health from kills.
                  | [demonic ancestry]
   768 | D:3      | Reached XP level 2. HP: 24/24 MP: 2/2
  1061 | D:3      | Noticed Grinder
  1068 | D:3      | Paralysed by Grinder for 6 turns
  1079 | D:3      | Killed from afar by Grinder

Illustrated notes

Levels and vault maps discovered:
D:2:      layout_basic, serial_shops, nicolae_shop_hallway_stairs,
          kennysheep_generic_room_14
D:3:      layout_basic, uniq_grinder, uniq_robin
D:4:      layout_gridville, chequers_temple_overflow_statue_of_worship
D:5:      nicolae_cairo_tiling_very_big, layout_cave_pools,
          gup_sewer_entry_spiral, serial_shops, shop, uniq_duvessa
D:6:      kennysheep_housing_project, layout_cave_pools, minmay_misc_feat_tiny

Skill      XL: |  1 |
---------------+----+-----
Stealth        | 5 |  5.1
Fighting       | |  3.0
Short Blades   | |  1.8
Dodging        | |  1.7
Necromancy     | |  0.1

Action                   || total
-------------------------++-------
Melee: Short sword       ||    24
       Dagger            ||    16
Evoke: Wand              ||     3
 Stab: Sleeping          ||     2
Armor: Leather armour    ||     8
Dodge: Dodged            ||    13
